 Dungeon Crawl Stone Soup version 0.29-a0-473-gacb4ef3bc5 (webtiles) character file.

Game seed: 7000112243049626510

217 Lekart the Slasher (level 5, 0/46 HPs)
             Began as a Draconian Chaos Knight on May 23, 2022.
             Was a Plaything of Xom.
             Slain by an orc
             ... wielding a +0 hand axe
              (2 damage)
             ... on level 4 of the Dungeon.
             The game lasted 00:03:12 (2432 turns).

Lekart the Slasher (Draconian Chaos Knight)         Turns: 2432, Time: 00:03:12

Health: 0/46       AC:  7    Str: 11 (15) XL:     5   Next: 62%
Magic:  7/7        EV: 12    Int:  5 (8)  God:    Xom [...*..]
Gold:   132        SH:  0    Dex:  9 (12) Spells: 7/7 levels left

rFire   . . .      SeeInvis .   a - +0 falchion (chaos)
rCold   . . .      Faith    .   (no shield)
rNeg    . . .      Spirit   .   (body armour unavailable)
rPois   .          Reflect  .   (helmet restricted)
rElec   .          Harm     .   e - +0 cloak
rCorr   .          Rampage  .   f - +0 pair of gloves
Will    .....                   (no boots)
Stlth   +.........              (no amulet)
HPRegen 0.15/turn               (no ring)
MPRegen 0.10/turn               (no ring)

@: brilliant
A: AC +5, unfitting armour, cold-blooded, deterioration 1, dopey 2
a: Renounce Religion


You were on level 4 of the Dungeon.
You worshipped Xom.
You were a favourite toy of Xom.
You visited 1 branch of the dungeon, and saw 4 of its levels.

You collected 132 gold pieces.

Inventory:

Hand Weapons
 a - a +0 falchion of chaos (weapon)
Armour
 e - a +0 cloak (worn)
 f - a +0 pair of gloves (worn)
Jewellery
 c - a ring of resist corrosion
 j - an amulet of reflection
Wands
 d - a wand of flame (20)
 h - a wand of paralysis (6)
Potions
 g - a potion of haste
 l - a potion of resistance
Miscellaneous
 b - a piece from Xom's chessboard (15/15) (quivered)


   Skills:
 + Level 4.0 Fighting
 + Level 4.5 Long Blades
 + Level 3.5 Dodging
 * Level 1.9 Spellcasting


You had 7 spell levels left.
You didn't know any spells.
Your spell library contained the following spells:

 Spells                   Type           Power      Damage    Failure   Level
 Beastly Appendage        Tmut           0%         N/A       41%         1
 Wereblood                Tmut           0%         N/A       56%         2
 Spider Form              Tmut/Pois      0%         N/A       80%         3


Dungeon Overview and Level Annotations

Branches:
Dungeon (3/15)

Altars:
Wu Jian

Annotations:
D:3 2 transporters, haldagan's ghost, amateur TeAE


Innate Abilities, Weirdness & Mutations

Your plain brown scales are hard. (AC +5)
You cannot fit into any form of body armour.
You are cold-blooded and may be slowed by cold attacks.
Your body sometimes deteriorates upon taking damage.
You are very dopey. (Int -4)


Message History

The orc priest is severely wounded.
The orc hits you with a +0 hand axe. Something hits you.
The orc hits you with a +0 flail!
* * * LOW HITPOINT WARNING * * *
The orc priest hits you with a +0 hand axe.
* * * LOW HITPOINT WARNING * * *
You hit the orc priest.
Nothing appears to happen.
You tail-slap the orc priest.
The orc priest is almost dead.
The orc hits you with a +0 hand axe.
* * * LOW HITPOINT WARNING * * *
You hear some strange, mumbled words.
A puff of flame appears from out of thin air!
The puff of flame hits you.
* * * LOW HITPOINT WARNING * * *
The orc priest hits you with a +0 hand axe.
* * * LOW HITPOINT WARNING * * *
The orc hits you but does no damage.
You feel better. The orc hits you but does no damage.
Something hits you but does no damage. The orc barely misses you.
The orc priest hits you but does no damage.
You aren't carrying any scrolls.
You closely miss the orc priest.
The orc priest is almost dead.
The orc completely misses you. Something hits you but does no damage.
The orc misses you.
The orc priest hits you with a +0 hand axe.
* * * LOW HITPOINT WARNING * * *
Your body deteriorates!
You feel clumsy.
You hit the orc priest.
You feel better.
You kill the orc priest!
The orc misses you.
You hear some strange, mumbled words.
A magic dart appears from out of thin air!
The magic dart hits you.
* * * LOW HITPOINT WARNING * * *
Your body deteriorates!
You feel weakened. The orc hits you but does no damage.
You hit the orc but do no damage. The orc hits you with a +0 hand axe.
You die...

.. ...........
.#.##..........
..?.#......... ..
............###.#
. ................
.. ........ .....
.##.###...###.....
......{o).)...[...
.......@o.........
..................
............##....
............## ...
.............# ##
.............#
.##..........#
#..........#
..........#


You could see 2 orcs.

Vanquished Creatures
  An ogre (D:3)
  An orc priest (D:4)
  An adder (D:3)
  2 dart slugs (D:1)
  3 worms (D:2)
  4 orcs
  10 bats
  5 endoplasms
  6 giant cockroaches
  4 goblins
  A quokka (D:1)
  7 ball pythons
  2 frilled lizards (D:1)
  7 kobolds
  10 rats
64 creatures vanquished.

Vanquished Creatures (collateral kills)
  An adder (D:2)
  A dart slug (D:2)
2 creatures vanquished.

Vanquished Creatures (others)
  A ball python zombie (D:2)
1 creature vanquished.

Grand Total: 67 creatures vanquished

Notes
Turn   | Place    | Note
-------+----------+-------------------------------------------
     0 | D:1      | Lekart the Draconian Chaos Knight began the quest for the
                  | Orb.
     0 | D:1      | Reached XP level 1. HP: 19/19 MP: 1/1
   163 | D:1      | Reached XP level 2. HP: 17/26 MP: 2/2
   609 | D:1      | XOM: potion effect (curing)
   620 | D:1      | XOM: silly message
   786 | D:1      | Reached XP level 3. HP: 29/33 MP: 4/4
  1087 | D:2      | XOM is BORED!
  1087 | D:2      | XOM: summons 2 hostile demons
  1212 | D:2      | XOM: 3-stop teleportation journey
  1285 | D:2      | Reached skill level 1 in Spellcasting
  1370 | D:2      | XOM: give mutations
  1370 | D:2      | Gained mutation: You are dopey. (Int -2) [Xom's mischief]
  1370 | D:2      | Gained mutation: You are very dopey. (Int -4) [Xom's
                  | mischief]
  1387 | D:2      | XOM: give mutation
  1387 | D:2      | Gained mutation: Your body sometimes deteriorates upon
                  | taking damage. [Xom's mischief]
  1699 | D:2      | Reached XP level 4. HP: 34/40 MP: 5/5
  1965 | D:3      | XOM: stat loss: -1 Dex (11/12)
  2122 | D:3      | Found an ornate altar of the Wu Jian Council.
  2146 | D:3      | Found a transporter.
  2150 | D:3      | Noticed haldagan's ghost (amateur TeAE)
  2155 | D:3      | Found a transporter.
  2282 | D:3      | Noticed an ogre
  2296 | D:3      | Killed an ogre
  2297 | D:3      | Reached XP level 5. HP: 46/46 MP: 7/7
  2396 | D:3      | You fall into a shaft and drop 1 floor!
  2414 | D:4      | XOM: cast spell 'Chain of Chaos'
  2428 | D:4      | HP: 1/46 [orc priest/+0 hand axe (3)]
  2432 | D:4      | Slain by an orc

Illustrated notes

Levels and vault maps discovered:
D:1:      dpeg_arrival_simpleton_a, layout_basic
D:2:      layout_loops_cross, serial_glass, glass_columns_c, glass_columns_c
D:3:      layout_basic, pdpol_wu_jian_five_deadly_venoms,
          gammafunk_ghost_mausoleum, chequers_ecumenical_altar_grove
D:4:      lemuel_castle_with_subvaults [lemuel_castle_interior_carwin_3],
          layout_basic, uniq_crazy_yiuf_cottage

Skill      XL: |  1  2  3  4 |
---------------+-------------+-----
Spellcasting   | 1 |  1.9
Long Blades    | 4 |  4.5
Fighting       | 4 |  4.0
Dodging        | 3 |  3.5

Action                   |  1- 3 |  4- 6 || total
-------------------------+-------+-------++-------
Melee: Falchion          |   102 |    53 ||   155
       Tailslap          |     8 |     9 ||    17
       Punch             |     1 |       ||     1
Evoke: Wand              |       |     2 ||     2
  Use: Scroll            |     9 |       ||     9
       Potion            |       |     6 ||     6
 Stab: Sleeping          |     1 |       ||     1
       Paralysed         |       |     8 ||     8
Armor: Skin              |    40 |    32 ||    72
Dodge: Dodged            |    67 |    42 ||   109

Table legend: (Time is in decaauts)
 A = Elapsed time spent in this place.
 B = Non-inter-level travel time spent in this place.
 C = Inter-level travel time spent in this place.
 D = Time resting spent in this place.
 E = Time spent auto-exploring this place.
 F = Levels seen in this place.
 G = Mean time per level.
                   A        B        C        D        E       F      G
               +--------+--------+--------+--------+--------+-----+--------+
         Total |   2457 |   2426 |     31 |      0 |   1980 |   4 |  614.2 |
       Dungeon |   2457 |   2426 |     31 |      0 |   1980 |   4 |  614.2 |
               +--------+--------+--------+--------+--------+-----+--------+

Top non-repeatable levels by time:
     D:1: 1065 daAuts
     D:2: 878 daAuts
     D:3: 476 daAuts
     D:4: 37 daAuts
